 Dungeon Crawl Stone Soup version 0.16-a0-3807-g3748f16 (webtiles) character file.

1144 Ololoev the Caller (level 8, -10/52 HPs)
             Began as a Mummy Summoner on Jan 27, 2015.
             Was an Initiate of Sif Muna.
             Splashed by a jelly's acid (13 damage)
             ... on level 5 of the Dungeon.
             The game lasted 00:21:32 (6680 turns).

Ololoev the Caller (Mummy Summoner)                 Turns: 6680, Time: 00:21:32

Health: -10/52     AC: -5    Str: 11    XL:     8   Next: 15%
Magic:  13/13      EV:  5    Int: 16    God:    Sif Muna [......]
Gold:   218        SH:  0    Dex: 12    Spells: 3 memorised, 5 levels left

rFire  x . .     SeeInvis .     a - +4 dagger (protect)
rCold  + . .     Clarity  .     p - +0 chain mail (curse)
rNeg   + + +     SustAb   .     (no shield)
rPois  ∞         Gourm    .     (no helmet)
rElec  .         Spirit   .     (no cloak)
rCorr  .         Warding  .     (no gloves)
rMut   .         Stasis   .     (no boots)
MR     ++...                    m - amulet of regeneration
Stlth  ..........               i - ring of stealth
                                f - ring of protection from magic

@: corroded equipment, very resistant to hostile enchantments, extremely
unstealthy
A: no food or potions, fire vulnerability, restore body, cold resistance 1,
negative energy resistance 3, poison resistance, torment resistance, unbreathing
a: Renounce Religion


You were on level 5 of the Dungeon.
You worshipped Sif Muna.
Sif Muna was noncommittal.
You were not hungry.

You visited 1 branch of the dungeon, and saw 6 of its levels.

You collected 218 gold pieces.

Notes
Turn   | Place    | Note
--------------------------------------------------------------
     0 | D:1      | Ololoev, the Mummy Summoner, began the quest for the Orb.
     0 | D:1      | Reached XP level 1. HP: 13/13 MP: 3/3
   410 | D:1      | Reached XP level 2. HP: 10/19 MP: 0/4
   689 | D:1      | Learned a level 2 spell: Call Imp
  1410 | D:1      | Reached skill level 4 in Summonings
  1638 | D:1      | Reached XP level 3. HP: 24/24 MP: 6/6
  1645 | D:1      | Learned a level 3 spell: Call Canine Familiar
  1765 | D:2      | Found a shattered altar of Ashenzari.
  1860 | D:2      | Noticed Terence
  2347 | D:2      | Reached XP level 4. HP: 27/30 MP: 7/7
  2644 | D:3      | Found an opulent altar of Gozag.
  2854 | D:3      | Reached skill level 5 in Summonings
  3384 | D:3      | Reached XP level 5. HP: 24/35 MP: 6/9
  4042 | D:3      | You fall through a shaft for 2 floors!
  4042 | D:5      | Entered Level 5 of the Dungeon
  4053 | D:5      | Found a basalt altar of Yredelemnul.
  4121 | D:4      | Noticed haldagan's ghost (average OpFi)
  4129 | D:4      | Found a deep blue altar of Sif Muna.
  4170 | D:4      | Became a worshipper of Sif Muna the Loreminder
  4340 | D:4      | Reached skill level 1 in Armour
  4382 | D:4      | Found a stormy altar of Qazlal.
  4479 | D:4      | Reached XP level 6. HP: 33/41 MP: 10/10
  4496 | D:4      | Found Hagahora's Antique Weapon Shop.
  5145 | D:5      | Reached skill level 6 in Summonings
  5191 | D:5      | Found a large runed door.
  5191 | D:5      | Found a large runed door.
  5518 | D:5      | Found a bloodstained altar of Trog.
  5525 | D:5      | Found an iron altar of Okawaru.
  5585 | D:5      | Reached XP level 7. HP: 39/46 MP: 12/12
  5751 | D:5      | Found a large runed door.
  5751 | D:5      | Found a large runed door.
  5796 | D:5      | Reached skill level 1 in Short Blades
  5928 | D:5      | Noticed an ice beast
  5942 | D:5      | Killed an ice beast
  5944 | D:5      | Noticed an ogre
  5948 | D:5      | Killed an ogre
  6176 | D:5      | Noticed a steam dragon
  6361 | D:5      | Noticed a centaur
  6372 | D:5      | Killed a centaur
  6372 | D:5      | Reached XP level 8. HP: 37/52 MP: 13/13
  6526 | D:5      | Reached skill level 5 in Armour
  6571 | D:5      | Noticed a steam dragon
  6623 | D:6      | Found a staircase to the Ecumenical Temple.
  6627 | D:6      | Noticed Edmund
  6680 | D:5      | Splashed by a jelly's acid

Inventory:

Hand weapons
 a - a +4 dagger of protection (weapon)
Missiles
 g - 8 curare-tipped needles
 k - 5 javelins (quivered)
Armour
 e - a +0 robe
 p - a cursed +0 chain mail (worn)
Jewellery
 f - a ring of protection from magic (left hand)
 i - a ring of stealth (right hand)
 m - an amulet of regeneration (around neck)
Magical devices
 b - a wand of magic darts (4)
 h - a wand of flame (22)
Scrolls
 c - a scroll of identify
 d - 2 scrolls of fear
 j - a scroll of blinking
 o - a scroll of teleportation
Books
 l - a book of Death

   Spells                             Type                      Level
   a - Corpse Rot                     Necromancy                   2
   b - Sublimation of Blood           Necromancy                   2
   c - Agony                          Necromancy                   5
   d - Dispel Undead                  Necromancy                   5
   e - Excruciating Wounds            Charms/Necromancy            5
   f - Bolt of Draining               Conjuration/Necromancy       5
 n - a book of Callings

   Spells                             Type                      Level
   a - Summon Small Mammal            Summoning                    1
   b - Call Imp                       Summoning                    2
   c - Call Canine Familiar           Summoning                    3
   d - Summon Guardian Golem          Hexes/Summoning              4
   e - Summon Lightning Spire         Summoning/Air                4
   f - Summon Ice Beast               Ice/Summoning                4

Table legend:
 A = Turns spent in this place as a percentage of turns spent in the entire game.
 B = Non-inter-level travel turns spent in this place as a percentage of non-inter-level travel turns spent in the entire game.
 C = Inter-level travel turns spent in this place as a percentage of turns spent in this place.
 D = Turns resting spent in this place as a percentage of non-inter-level travel turns spent in this place.
 E = Turns spent auto-exploring this place as a percentage of non-inter-level travel turns spent in this place.
 F = Non-inter-level travel turns spent in this place divided by the number of levels of this place that you've seen.
                   A       B       C       D       E      F
               +-------+-------+-------+-------+-------+----------------------
         Total | 100.0 | 100.0 |   0.6 |   3.6 |   6.4 | 408.7
       Dungeon | 100.0 | 100.0 |   0.6 |   3.6 |   6.4 | 408.7
               +-------+-------+-------+-------+-------+----------------------


   Skills:
 - Level 1.1 Short Blades
 * Level 5.2 Armour
 - Level 1.5 Dodging
 - Level 1.5 Stealth
 - Level 2.0 Spellcasting
 + Level 6.7 Summonings


You had 5 spell levels left.
You knew the following spells:

 Your Spells              Type           Power        Failure   Level  Hunger
a - Summon Small Mammal   Summ           ###.         58%         1    N/A
b - Call Imp              Summ           ###.....     82%         2    N/A
c - Call Canine Familiar  Summ           ###.....     98%         3    N/A

Dungeon Overview and Level Annotations

Branches:
Dungeon (6/15)             Temple (0/1) D:6

Altars:
Ashenzari
Gozag
Okawaru
Qazlal
Sif Muna
Trog
Yredelemnul

Shops:
D:4 (

Annotations:
D:2 Terence
D:4 haldagan's ghost, average OpFi
D:5 runed door
D:6 Edmund


Innate Abilities, Weirdness & Mutations

You do not eat or drink.
Your flesh is vulnerable to fire.
Your flesh is cold resistant.
You are immune to negative energy.
Your system is resistant to poisons.
You are immune to unholy pain and torment.
You can survive without breathing.


Message History

You hit the jelly.
The jelly is lightly wounded.
The jelly hits you but does no damage.
You hit the jelly. The acid corrodes your equipment!
The jelly is moderately wounded.
The jelly hits you but does no damage.
You hit the jelly.
The jelly is moderately wounded.
The jelly hits you but does no damage.
You hit the jelly but do no damage.
The jelly is moderately wounded.
The jelly hits you but does no damage.
You hit the jelly but do no damage.
The jelly is moderately wounded.
The jelly hits you but does no damage.
You hit the jelly but do no damage.
The jelly is moderately wounded.
You hit the jelly but do no damage.
The jelly is moderately wounded.
The jelly hits you but does no damage.
You hit the jelly.
The jelly is moderately wounded.
The jelly barely misses you.
You hit the jelly. The acid corrodes your equipment!
The jelly is moderately wounded.
The jelly hits you but does no damage.
You hit the jelly. The acid corrodes your equipment!
The jelly is moderately wounded.
The jelly hits you.
You are splashed with acid!
The acid burns!
You hit the jelly but do no damage. The acid corrodes your equipment!
The jelly is moderately wounded.
The jelly hits you.
You are splashed with acid!
The acid corrodes your equipment!
The acid burns!
You hit the jelly but do no damage.
The jelly is moderately wounded.
The jelly hits you.
You are splashed with acid!
The acid burns!
You hit the jelly but do no damage.
The jelly is moderately wounded.
The jelly hits you.
You are splashed with acid!
The acid burns!
You die...

#..# P ############.....####.
##.# .≈≈ ########P... #.#
...^#########≈≈≈≈PPP≈... #.#
...^.P≈PP≈.P≈P........... #.#
..............^≈≈≈.≈.P≈.. #.##
...P^.≈≈≈≈.#######.≈.PD.. #..#
PPPP#######.....###≈≈P§.
##.###.P###...J...#....######.
#...####....@#####.##.## ##D
###......#...#.).(.....## #§.
###.####.....######...# #.#
#.# ##....##†...##..# #.#
#.###.....#.####†#..###.#
#.........##.#.).#...##.#
#..##++##.'.##.#.#.#.##.# #.##
#####.##.#.#..#.# #.#
#|.#[##.##.#.#


You could see a jelly.

Table legend:
 A = Kills in this place as a percentage of kills in entire the game.
 B = Kills by you in this place as a percentage of kills by you in the entire game.
 C = Kills by friends in this place as a percentage of kills by friends in the entire game.
 D = Other kills in this place as a percentage of other kills in the entire game.
 E = Experience gained in this place as a percentage of experience gained in the entire game.
 F = Experience gained in this place divided by the number of levels of this place that you have seen.
                   A       B       C       D       E      F
               +-------+-------+-------+-------+-------+----------------------
         Total | 100.0 | 100.0 | 100.0 |  -nan | 100.0 | 272.5
       Dungeon | 100.0 | 100.0 | 100.0 |  -nan | 100.0 | 272.5
               +-------+-------+-------+-------+-------+----------------------

Vanquished Creatures
  A phantom (D:6)
  An ice beast (D:5)
  2 centaurs (D:5)
  2 ogres (D:5)
  A killer bee (D:5)
  A scorpion (D:5)
  A crimson imp (D:5)
  3 giant frog skeletons
  3 orc wizards
  6 worker ants
  A hound skeleton (D:5)
  9 adders
  2 giant mites
  A worm (D:3)
  3 giant geckos
  12 orcs
  6 giant cockroaches
  5 hobgoblins
  2 jackals (D:5)
  4 kobolds
  2 quokkas
  11 bats
  A giant gecko zombie (D:5)
  7 giant newts
  13 goblins
  12 rats
112 creatures vanquished.

Vanquished Creatures (collateral kills)
  An orc priest (D:3)
  An adder (D:1)
  A giant gecko (D:1)
  3 orcs (D:3)
  A giant cockroach (D:1)
  7 hobgoblins
  2 bats
  A giant newt (D:1)
  A kobold (D:1)
  A rat (D:2)
19 creatures vanquished.

Vanquished Creatures (others)
  2 white imps (D:3)
  A bat (D:1)
  6 rats
9 creatures vanquished.

Grand Total: 140 creatures vanquished

Action                   |  1- 3 |  4- 6 |  7- 9 || total
-------------------------+-------+-------+-------++-------
Melee: Unarmed           |    73 |       |       ||    73
       Dagger            |   142 |   562 |   123 ||   827
       Quarterstaff      |       |       |    13 ||    13
 Fire: Hunting sling     |       |     9 |       ||     9
Throw: Javelin           |       |       |     9 ||     9
 Cast: Summon Small Mamm |    11 |     2 |     2 ||    15
       Call Imp          |     7 |     6 |       ||    13
       Call Canine Famil |       |     1 |       ||     1
Evoke: Wand              |       |       |     3 ||     3
  Use: Scroll            |       |     8 |     2 ||    10
 Stab: Distracted        |     2 |       |       ||     2
       Sleeping          |       |     4 |       ||     4

Vault maps used:
D:1:      matt_arrival_los_fun, st_stairs_13
D:2:      serial_park_square1, ashenzari_conservatory_becter, uniq_terence
D:3:      nicolae_gozag_seed_capital
D:4:      lemuel_doored_altar, serial_forest, infiniplex_forest_lined_1,
          infiniplex_forest_zigzag_2, infiniplex_forest_lined_2,
          infiniplex_forest_clump_cross, infiniplex_forest_zigzag_1,
          serial_shops, nicolae_shop_temple_entry_statues_fountains,
          nicolae_qazlal_general_emergency
D:5:      kennysheep_steamy, yredelemnul_altar_generic,
          overflow_temple_1_default, first_bread, basic_altar,
          minmay_hollow_rounded_squares
D:6:      minmay_goblin_kobold_castle, grunt_dithmenos_shadows,
          temple_fountains, bh_walls_and_bars, uniq_edmund
